 Dungeon Crawl Stone Soup version 0.22.1-2-g9c5b331 (webtiles) character file.

84 JustSomeDude the Cutter (level 4, -3/35 HPs)
             Began as a Demonspawn Monk on Jan 2, 2019.
             Was a Believer of Dithmenos.
             Slain by a scorpion (5 damage)
             ... on level 4 of the Dungeon.
             The game lasted 00:05:41 (2153 turns).

JustSomeDude the Cutter (Demonspawn Monk)           Turns: 2153, Time: 00:05:42

Health: -3/35      AC:  4    Str:  9 (11) XL:     4   Next: 24%
Magic:  4/4        EV: 13    Int:  9 (11) God:    Dithmenos [**....]
Gold:   144        SH:  0    Dex: 15 (17) Spells: 3/3 levels left

rFire    . . .     SeeInvis .   j - +1 dagger (venom)
rCold    . . .     Gourm    .   (no shield)
rNeg     . . .     Faith    .   b - +0 robe
rPois    .         Spirit   .   (helmet restricted)
rElec    .         Reflect  .   (no cloak)
rCorr    .         Harm     .   (no gloves)
MR       .....                  (no boots)
Stlth    +++.......             (no amulet)
HPRegen  0.11/turn              (no ring)
MPRegen  0.09/turn              (no ring)

@: wreathed by umbra
A: antennae 1, iridescent scales 1
a: Shadow Step, Renounce Religion


You were on level 4 of the Dungeon.
You worshipped Dithmenos.
Dithmenos was pleased with you.
You were not hungry.

You visited 1 branch of the dungeon, and saw 4 of its levels.

You collected 144 gold pieces.

Inventory:

Hand Weapons
 a - a +1 short sword
 j - a +1 dagger of venom (weapon)
Armour
 b - a +0 robe (worn)
Jewellery
 e - a cursed +2 amulet of reflection {unknown}
Scrolls
 g - a scroll of noise {unknown}
 h - a scroll of identify {unknown}
 i - a scroll of magic mapping {unknown}
Potions
 d - a potion of degeneration
Comestibles
 c - 6 rations


   Skills:
 + Level 3.4 Fighting
 * Level 3.7 Short Blades
 + Level 3.1 Dodging
 * Level 2.4 Stealth


You had 3 spell levels left.
You didn't know any spells.
Your spell library was empty.

Dungeon Overview and Level Annotations

Branches:
Dungeon (4/15)
 Temple: D:4-7

Altars:
Dithmenos
Ru
Uskayaw

Annotations:
D:4 Menkaure


Innate Abilities, Weirdness & Mutations

You have a pair of small antennae on your head.
You are partially covered in iridescent scales. (AC +2)


Message History

The scorpion stings you but does no damage.
The worker ant closely misses you. The worker ant misses you.
You hit the scorpion but do no damage.
The scorpion is poisoned.
The scorpion stings you!
* * * LOW HITPOINT WARNING * * *
It was a potion of mutation.
You feel extremely strange.
You feel weaker.
Your feet thicken and deform.
Your vision blurs.
You feel stronger. The scorpion stings you!
* * * LOW HITPOINT WARNING * * *
It was a potion of degeneration.
There was something very wrong with that liquid.
You feel weakened.
You feel dopey.
You feel clumsy. The scorpion barely misses you.
All of the chunks of flesh in your inventory have rotted away.
You feel extremely strange.
Your hooves expand and flesh out into feet!
Your vision sharpens.
You feel stupid.
You feel clever. The scorpion stings you.
You die...

#.. .. .. ##########.#
#.## ... #..........#
#..##.##. #..........#
#...?...# #..........#
#.......# #..........#
#.......#
#..........####...[...#.
#..<..).....@sa..# ....
#..........####..##..###
############ ##.!....%.
##.##..##. #..>......
#..........#(
#......?.....
.............##
..#..........#


You could see a scorpion and a worker ant.

Vanquished Creatures
  2 adders
  3 worms (D:3)
  A dart slug (D:1)
  A leopard gecko (D:1)
  4 orcs
  2 bats
  3 giant cockroaches
  4 hobgoblins
  6 jackals
  2 quokkas
  3 frilled lizards
  6 goblins
  6 kobolds
  4 rats
47 creatures vanquished.

Notes
Turn   | Place    | Note
-------+----------+-------------------------------------------
     0 | D:1      | JustSomeDude the Demonspawn Monk began the quest for the
                  | Orb.
     0 | D:1      | Reached XP level 1. HP: 18/18 MP: 1/1
   200 | D:1      | Gained mutation: You are partially covered in iridescent
                  | scales. (AC +2) [demonic ancestry]
   200 | D:1      | Reached XP level 2. HP: 24/24 MP: 2/2
   984 | D:2      | Found a sacrificial altar of Ru.
   986 | D:2      | Gained mutation: You have a pair of small antennae on your
                  | head. [demonic ancestry]
   986 | D:2      | Reached XP level 3. HP: 29/29 MP: 3/3
  1062 | D:2      | You fall through a shaft for 2 floors!
  1067 | D:4      | Noticed Menkaure
  1076 | D:3      | Found a shadowy altar of Dithmenos.
  1076 | D:3      | Found a hide-covered altar of Uskayaw.
  1088 | D:3      | Became a worshipper of Dithmenos the Shadowed
  1088 | D:3      | Reached * piety under Dithmenos
  1088 | D:3      | Reached ** piety under Dithmenos
  1895 | D:3      | Reached XP level 4. HP: 29/35 MP: 4/4
  2151 | D:4      | Gained mutation: You are weak. (Str -2) [potion of
                  | mutation]
  2151 | D:4      | Gained mutation: You have large cloven feet. [potion of
                  | mutation]
  2151 | D:4      | Gained mutation: Scrolls take you a little longer to read.
                  | [potion of mutation]
  2151 | D:4      | Lost mutation: You are weak. (Str -2) [potion of mutation]
  2153 | D:4      | Lost mutation: You have large cloven feet. [potion of
                  | mutation]
  2153 | D:4      | Lost mutation: Scrolls take you a little longer to read.
                  | [potion of mutation]
  2153 | D:4      | Gained mutation: You are dopey. (Int -2) [potion of
                  | mutation]
  2153 | D:4      | Lost mutation: You are dopey. (Int -2) [potion of mutation]
  2153 | D:4      | Slain by a scorpion

Skill      XL: |  1  2  3 |
---------------+----------+-----
Short Blades   | 3 |  3.7
Stealth        | 2 |  2.4
Dodging        | 3 |  3.1
Fighting       | |  3.4

Action                   |  1- 3 |  4- 6 || total
-------------------------+-------+-------++-------
Melee: Short sword       |   133 |       ||   133
       Dagger            |    22 |    24 ||    46
  Use: Scroll            |     3 |       ||     3
       Potion            |       |     3 ||     3
 Stab: Sleeping          |     6 |       ||     6
       Distracted        |     1 |       ||     1
  Eat: Chunk             |     3 |     1 ||     4
Armor: Robe              |    33 |     3 ||    36
Dodge: Dodged            |    85 |    21 ||   106
